 Dungeon Crawl Stone Soup version 0.22-a0-803-gd6d8abe (console) character file.

562108 hexaflexagon the Phalangite (level 26, -1/196 HPs)
             Began as a Merfolk Wizard on May 14, 2018.
             Was the Champion of Hepliaklqana.
             Slain by a golden dragon (21 damage)
             ... on level 1 of the Realm of Zot on July 22, 2018.
             The game lasted 06:28:59 (87968 turns).

hexaflexagon the Phalangite (Merfolk Wizard)       Turns: 87968, Time: 06:29:00

Health: -1/196     AC: 27    Str: 13    XL:     26   Next: 67%
Magic:  38/57      EV: 23    Int: 28    God:    Hepliaklqana [******]
Gold:   6220       SH:  5    Dex: 15    Spells: 4/57 levels left

rFire    + + .     SeeInvis .   a - +8 bardiche (flame)
rCold    + . .     Gourm    .   (shield currently unavailable)
rNeg     . . .     Faith    .   e - quicksilver dragon scales
rPois    +         Spirit   .   r - +3 hat of Pondering {ponderous, MR+ MP+10 Int+5}
rElec    +         Reflect  +   g - +2 cloak {+Inv}
rCorr    .         Harm     .   Z - +2 pair of gloves
MR       ++++.                  p - +2 pair of boots {run}
Stlth    ++........             Q - +5 amulet of reflection
HPRegen  0.42/turn              I - ring of Kyhakkal {rPois rF++}
MPRegen  0.35/turn              c - ring of the Neverending People {rElec rPois rC+ MR+ Str+2}

@: about to teleport, slowed, studying Hexes, drained, very slow
A: change form in water, swift swim, stealthy swim, reduced essence, blink,
deterioration 1, high mp 1, shaggy fur 1, electricity resistance, wild magic 1,
MP-powered wands
}: 3/15 runes: serpentine, barnacled, silver
a: Blink, Recall Ancestor, Ancestor Identity, Transference, Idealise, Renounce
Religion, Evoke Invisibility


You were on level 1 of the Realm of Zot.
You worshipped Hepliaklqana.
Hepliaklqana was exalted by your worship.
You were not hungry.

You visited 11 branches of the dungeon, and saw 49 of its levels.
You visited the Abyss 3 times.
You also visited: Labyrinth.

You collected 7739 gold pieces.
You spent 1519 gold pieces at shops.

Inventory:

Hand Weapons
 a - a +8 bardiche of flaming (weapon)
Missiles
 S - 6 throwing nets (quivered)
Armour
 e - quicksilver dragon scales (worn)
 g - a +2 cloak of invisibility (worn)
 l - the +2 hat of the Bear Spirit {Spirit, +Rage rN+ MR++}
   (You found it on level 5 of the Vaults)

   It protects you from negative energy.
   It affects your resistance to hostile enchantments.
   It lets you go berserk.
 p - a +2 pair of boots of running (worn)
 r - the +3 hat of Pondering (worn) {ponderous, MR+ MP+10 Int+5}
   (You found it on level 2 of the Depths)

   It affects your intelligence (+5).
   It affects your resistance to hostile enchantments.
   It affects your magic capacity (+10).
 K - the +0 mask of the Dragon {MR+ Slay+3 SInv}
   (You found it on level 5 of the Vaults)

   It affects your accuracy and damage with ranged weapons and melee attacks
   (+3).
   It affects your resistance to hostile enchantments.
   It lets you see invisible.
 Z - a +2 pair of gloves (worn)
Magical Staves
 b - an uncursed staff of wizardry
 w - an uncursed staff of summoning
Jewellery
 c - the ring of the Neverending People (right hand) {rElec rPois rC+ MR+ Str+2}
   (You found it on level 3 of the Depths)

   [ring of poison resistance]

   It affects your strength (+2).
   It protects you from cold.
   It insulates you from electricity.
   It protects you from poison.
   It affects your resistance to hostile enchantments.
 y - the ring of Curiosity {rN+ AC+3}
   (You took it off a deep elf demonologist on level 3 of the Elven Halls)

   [ring of protection]

   It affects your AC (+3).
   It protects you from negative energy.
 A - the amulet of the Air {Inacc +Fly rElec EV+5 RMsl}
   (You found it on level 3 of the Shoals)

   [amulet of inaccuracy]

   It reduces the accuracy of all your attacks.
   It affects your evasion (+5).
   It insulates you from electricity.
   It lets you fly.
   It protects you from missiles.
 I - the ring of Kyhakkal (left hand) {rPois rF++}
   (You took it off a tengu reaver on level 4 of the Depths)

   [ring of poison resistance]

   It greatly protects you from fire.
   It protects you from poison.
 Q - a +5 amulet of reflection (around neck)
 X - an uncursed ring of see invisible
Wands
 f - a wand of enslavement (13)
 h - a wand of flame (19)
 i - a wand of iceblast (8)
 k - a wand of clouds (3)
 m - a wand of random effects (86)
 q - a wand of paralysis (38)
 M - a wand of digging (67)
 N - a wand of polymorph (45)
 W - a wand of acid (15)
Scrolls
 n - 20 scrolls of remove curse
 s - 3 scrolls of amnesia
 u - 5 scrolls of immolation
 x - 8 scrolls of teleportation
 B - 2 scrolls of blinking
 D - 2 scrolls of holy word
 G - 3 scrolls of fog
 H - 7 scrolls of fear
 P - 13 scrolls of identify
 U - a scroll of summoning
 Y - 5 scrolls of magic mapping
Potions
 j - 3 potions of heal wounds
 o - 6 potions of haste
 v - 5 potions of mutation
 z - 6 potions of flight
 C - 4 potions of agility
 E - 8 potions of brilliance
 F - 6 potions of magic
 J - 8 potions of lignification
 L - 4 potions of resistance
 O - 7 potions of might
 R - 2 potions of cancellation
 T - 3 potions of ambrosia
 V - 15 potions of curing
Books
 t - a manual of Hexes
Comestibles
 d - 52 rations


   Skills:
 - Level 20.0(19.2) Fighting
 - Level 26.9(25.9) Polearms
 - Level 10.0(9.3) Armour
 - Level 20.0(19.1) Dodging
 - Level 4.0(3.5) Stealth
 - Level 16.0(15.2) Spellcasting
 - Level 5.3(4.8) Conjurations
 - Level 10.8(10.1) Hexes
 + Level 7.1(6.5) Charms
 - Level 16.0(15.2) Summonings
 - Level 13.0(12.3) Necromancy
 - Level 4.0(3.4) Translocations
   Level 2.1(1.6) Fire Magic
 + Level 3.2(2.7) Air Magic
 - Level 5.0(4.4) Poison Magic
 - Level 10.0(9.3) Invocations
 - Level 9.0(8.3) Evocations


You had 4 spell levels left.
You knew the following spells:

 Your Spells              Type           Power        Failure   Level  Hunger
a - Apportation           Tloc           ######       2%          1    None
b - Blink                 Tloc           N/A          3%          2    None
c - Call Canine Familiar  Summ           #######.     1%          3    None
g - Shroud of Golubria    Chrm/Tloc      ######....   1%          2    None
l - Summon Lightning Spi  Summ/Air       #######.     2%          4    None
m - Mephitic Cloud        Conj/Pois/Air  ######..     4%          3    None
r - Regeneration          Chrm/Necr      #######...   1%          3    None
s - Song of Slaying       Chrm           ######..     1%          2    None
w - Spectral Weapon       Hex/Chrm       ######..     1%          3    None
A - Animate Dead          Necr           N/A          1%          4    None
D - Death Channel         Necr           #######...   7%          6    ####...
F - Summon Forest         Summ/Tloc      #######...   4%          5    None
M - Deflect Missiles      Chrm/Air       ######....   77%         6    ####...
R - Recall                Summ/Tloc      N/A          1%          3    None
S - Shadow Creatures      Summ           N/A          2%          6    ####...

Your spell library contained the following spells:

 Spells                   Type           Power        Failure   Level  Hunger
 Cause Fear               Hex            #######...   1%          4    None
 Magic Dart               Conj           ####         1%          1    None
 Fireball                 Conj/Fire      ######....   41%         5    None
 Conjure Flame            Conj/Fire      ######..     6%          3    None
 Lightning Bolt           Conj/Air       ######....   34%         5    None
 Slow                     Hex            #######.     1%          2    None
 Confuse                  Hex            #######.     1%          3    None
 Invisibility             Hex            #######.     16%         6    ####...
 Throw Flame              Conj/Fire      ######       3%          2    None
 Throw Frost              Conj/Ice       #####.       4%          2    None
 Controlled Blink         Tloc           N/A          100%        8    #######
 Death's Door             Chrm/Necr      #######...   100%        8    #######
 Summon Small Mammal      Summ           ####         1%          1    None
 Bolt of Draining         Conj/Necr      ######....   6%          5    None
 Iskenderun's Mystic Bla  Conj           ######..     10%         4    None
 Pain                     Necr           ####         1%          1    None
 Animate Skeleton         Necr           N/A          1%          1    None
 Haunt                    Necr/Summ      #######...   19%         7    #####..
 Borgnjor's Revivificati  Necr           #######...   92%         8    #######
 Freeze                   Ice            ####         7%          1    None
 Sticky Flame             Conj/Fire      ######..     17%         4    None
 Summon Ice Beast         Ice/Summ       ######..     3%          4    None
 Ozocubu's Armour         Chrm/Ice       ######..     5%          3    None
 Call Imp                 Summ           #######.     1%          2    None
 Dispel Undead            Necr           #######.     1%          5    None
 Sublimation of Blood     Necr           #######...   1%          2    None
 Tukima's Dance           Hex            #######.     1%          3    None
 Summon Demon             Summ           #######...   1%          5    None
 Corpse Rot               Necr           N/A          1%          2    None
 Stone Arrow              Conj/Erth      #####.       8%          3    None
 Shock                    Conj/Air       ####         1%          1    None
 Swiftness                Chrm/Air       ######..     2%          2    None
 Agony                    Necr           #######.     1%          5    None
 Spider Form              Tmut/Pois      #####.....   9%          3    None
 Blade Hands              Tmut           ####......   83%         5    None
 Necromutation            Tmut/Necr      ######....   100%        8    #######
 Throw Icicle             Conj/Ice       #####...     22%         4    None
 Airstrike                Air            #####.....   21%         4    None
 Confusing Touch          Hex            ######       1%          1    None
 Flame Tongue             Conj/Fire      #####        2%          1    None
 Passwall                 Tmut/Erth      ####....     11%         2    None
 Ensorcelled Hibernation  Hex/Ice        ######       1%          2    None
 Metabolic Englaciation   Hex/Ice        ######....   22%         5    None
 Silence                  Hex/Air        ######....   13%         5    None
 Dispersal                Tloc           ######....   89%         6    ####...
 Static Discharge         Conj/Air       ######..     4%          3    None
 Corona                   Hex            #######      1%          1    None
 Alistair's Intoxication  Tmut/Pois      #####...     52%         5    None
 Lee's Rapid Deconstruct  Erth           ####......   83%         5    None
 Simulacrum               Ice/Necr       ######....   56%         6    ####...
 Excruciating Wounds      Chrm/Necr      #######...   4%          5    None
 Portal Projectile        Hex/Tloc       ######       1%          3    None
 Petrify                  Tmut/Erth      ####....     50%         4    None
 Passage of Golubria      Tloc           N/A          16%         4    None
 Leda's Liquefaction      Hex/Erth       ######....   9%          4    None
 Darkness                 Hex            #######...   16%         6    ####...
 Inner Flame              Hex/Fire       ######..     2%          3    None
 Aura of Abjuration       Summ           #######...   1%          5    None
 Disjunction              Tloc           ######....   100%        8    #######
 Fulminant Prism          Conj/Hex       ######....   3%          4    None
 Dazzling Spray           Conj/Hex       ######       1%          3    None
 Force Lance              Conj/Tloc      ######..     12%         4    None
 Infusion                 Chrm           ####         1%          1    None
 Searing Ray              Conj           ######       1%          2    None
 Discord                  Hex            #######...   99%         8    #######
 Summon Guardian Golem    Hex/Summ       #######.     1%          3    None
 Summon Mana Viper        Hex/Summ       #######.     1%          5    None
 Gell's Gravitas          Tloc           ######....   5%          3    None
 Yara's Violent Unravell  Hex/Tmut       ######....   22%         5    None
 Infestation              Necr           #######...   92%         8    #######
 Borgnjor's Vile Clutch   Necr/Erth      ######....   14%         5    None


Dungeon Overview and Level Annotations

Branches:
Dungeon (15/15)            Temple (1/1) D:6            Lair (6/6) D:9
 Shoals (4/4) Lair:2        Snake (4/4) Lair:2        Slime (0/5) Lair:5
    Orc (2/2) D:11            Elf (3/3) Orc:2        Vaults (5/5) D:13
  Crypt (3/3) Vaults:3     Depths (5/5) D:15            Zot (1/5) Depths:5
   Tomb: Crypt:3

Altars:
Ashenzari
Cheibriados
Dithmenos
Elyvilon
Fedhas
Gozag
Hepliaklqana
Kikubaaqudgha
Makhleb
Nemelex Xobeh
Okawaru
Qazlal
Ru
Sif Muna
Trog
Uskayaw
Vehumet
Wu Jian
Xom
Yredelemnul
Zin
The Shining One
Beogh
Jiyva

Shops:
Orc:1 (   Orc:2 :!((?   Elf:2 !   Shoals:3 (   Snake:1 :   Snake:4 !
Vaults:1 ?   Vaults:2 ?   Vaults:3 (%[

Portals:
Hell: Depths:1 Depths:2 Depths:3 Depths:4 Depths:5
Abyss: Depths:4
Pandemonium: Depths:1 Depths:3
Ziggurat: Depths:5

Annotations:
Snake:1 Nikola
Crypt:3 exclusion: 3 doors


Innate Abilities, Weirdness & Mutations

You revert to your normal form in water.
You are very nimble and swift while swimming.
You are very stealthy in the water. (Stealth+)
Your life essence is reduced to manifest your ancestor. (-10% HP)
You can translocate small distances at will.
Your body sometimes deteriorates upon taking damage.
You have an increased reservoir of magic. (+10% MP)
You are covered in fur. (AC +1)
You are resistant to electric shocks. (rElec)
Your spells are a little harder to cast, but a little more powerful.
You expend magic power (3 MP) to strengthen your wands.


Message History

The death cob completely misses you. x2; The moth of wrath misses you.
The death cob hits you!!
* * * LOW HITPOINT WARNING * * *
Casting: Blink (safe; 3% risk of failure)
Confirm with . or Enter, or press ? or * to list all spells.
You blink.
A tentacled monstrosity comes into view.
The death cob hits you!
* * * LOW HITPOINT WARNING * * *
The golden dragon bites you.
* * * LOW HITPOINT WARNING * * *
The golden dragon claws you.
* * * LOW HITPOINT WARNING * * *
The golden dragon tramples you!!
* * * LOW HITPOINT WARNING * * *
You hold your ground!
You block the moth of wrath's attack. The moth of wrath closely misses you.
The death cob barely misses you.
The golden dragon completely misses you.
The golden dragon claws you!!
You die...

#....§§......... #..
#...♣∩.D8..⌠.... ..
♣..?..d........+#...
♣...♣.RX....#...#..
♣♣..#♣..>♣.##.....
♣...♣♣..z##.yXy#
##..!...yD.yy.§#
♣.......yyzD##
♣####♣..Xy@##
#######


You could see the friendly King Crimson the hexer, 3 tentacled monstrosities, a
golden dragon (berserk), a storm dragon, a black draconian, 2 death cobs and 8
moths of wrath.

Vanquished Creatures
  2 juggernauts
  Sojobo (Depths:5)
  Boris (Vaults:4)
  Frederick (Vaults:2)
  A caustic shrike (Depths:4)
  A golden dragon (Depths:4)
  A profane servitor (Crypt:3)
  2 bone dragons
  A tentacled monstrosity (Vaults:5)
  2 liches
  Rupert (D:12)
  2 deep elf blademasters (Elf:3)
  A deep elf master archer (Elf:2)
  5 quicksilver dragons
  7 titans
  5 sphinxes
  Agnes (D:15)
  Kirke (D:15)
  2 tentacled starspawn
  Frances (Snake:1)
  2 ancient champions
  6 shadow dragons
  6 tengu reavers
  A storm dragon (Depths:4)
  9 fire giants
  4 frost giants
  Ilsuiw (Shoals:4)
  The ghost of dstrtnsr the Brawler, a journeyman TrFi of Makhleb (Snake:1)
  A draconian monk (Depths:5)
  4 nagarajas
  A revenant (Crypt:2)
  9 vault wardens
  Louise (D:15)
  4 deep elf sorcerers
  11 ghouls
  An orc warlord (Orc:1)
  5 very ugly things
  3 curse skulls
  The ghost of Amnesiac the Fetichist, an adept SpTm of Gozag (D:15)
  14 stone giants
  11 ironheart preservers
  A cacodemon (Abyss:2)
  A deep elf elementalist (Elf:2)
  2 spriggan defenders
  A war gargoyle (Vaults:5)
  A draconian annihilator (Abyss:2)
  3 vampire knights
  9 deep elf demonologists
  6 deep elf annihilators
  2 spark wasps
  6 ettins
  A yellow draconian (Depths:5)
  3 deep elf death magi
  6 merfolk javelineers
  5 eidola
  A crystal guardian (Vaults:4)
  8 fire dragons
  Josephine (D:14)
  9 merfolk impalers
  8 ogre magi
  A jiangshi (Crypt:1)
  A quicksilver dragon zombie (Crypt:3)
  3 great orbs of eyes
  4 deep elf high priests
  A great orb of eyes (shapeshifter) (Vaults:5)
  15 yaktaur captains
  A rakshasa (Abyss:2)
  5 ice dragons
  6 naga warriors
  A hell beast (Depths:4)
  5 merfolk avatars
  The ghost of Kairos the Cleaver, a journeyman DsGl of Okawaru (D:11)
  3 spriggan air magi
  7 hydras
  A catoblepas (Lair:4)
  2 death knights
  26 vault guards
  9 dancing weapons
  2 deep troll shamans (Depths:1)
  7 merfolk aquamancers
  6 centaur warriors
  4 tengu warriors
  An alligator (Snake:3)
  29 two-headed ogres
  8 deep troll earth magi
  3 death yaks (Lair:5)
  3 spriggan berserkers
  The ghost of whitenoisemaker the Transmogrifier, a novice DrTm of Ashenzari (D:10)
  9 naga sharpshooters
  A vampire mage (Crypt:1)
  2 thrashing horrors
  7 orc high priests
  A storm dragon zombie (Crypt:3)
  3 shock serpents
  2 wretched stars
  12 deep elf knights
  9 hell knights
  A sixfirhy (Abyss:3)
  16 skeletal warriors
  A salamander mystic (Snake:1)
  11 flayed ghosts
  12 sea snakes
  An unseen horror (D:15)
  2 glowing orange brains
  17 deep trolls
  18 phantasmal warriors
  4 necromancers
  12 deep elf archers
  3 naga ritualists (Snake:4)
  3 wizards
  15 harpies
  5 mana vipers
  7 orc knights
  A human zombie (Vaults:2)
  12 ironbrand convokers
  An orc sorcerer (Orc:1)
  A wolf spider zombie (Crypt:3)
  25 ugly things
  A stone giant zombie (Crypt:3)
  4 wolf spiders
  A frost giant zombie (Crypt:3)
  6 salamanders
  11 cyclopes
  3 fire giant zombies (Crypt:3)
  41 deep elf magi
  2 salamanders (shapeshifter)
  3 fauns (Shoals:3)
  A fire giant skeleton (Vaults:2)
  8 manticores
  2 centaur zombies
  Joseph (D:10)
  A dire elephant zombie (Crypt:3)
  An elephant (shapeshifter) (Depths:4)
  A rust devil (Depths:3)
  A moth of wrath (Zot:1)
  9 merfolk sirens
  4 guardian serpents
  5 elephants
  5 water nymphs
  2 smoke demons (Abyss:2)
  23 black mambas
  14 vault sentinels
  An orange demon (Abyss:2)
  13 naga magi
  A black mamba (shapeshifter) (Vaults:2)
  5 komodo dragons
  15 spiny frogs
  A yaktaur (shapeshifter) (Vaults:2)
  2 tengu conjurers (Depths:1)
  A yaktaur zombie (Vaults:2)
  A dire elephant skeleton (Abyss:2)
  A tormentor (Snake:4)
  An efreet (D:14)
  23 yaktaurs
  8 freezing wraiths
  2 hellwings
  An ice devil (Abyss:2)
  2 human skeletons (Vaults:2)
  3 ancient zymes (Abyss:3)
  A jumping spider (Crypt:3)
  4 meliai
  A merfolk (shapeshifter) (Vaults:4)
  36 merfolk
  A polar bear (Lair:5)
  A queen bee (shapeshifter) (Vaults:5)
  2 hydra zombies (Crypt:3)
  7 hornets
  9 trolls
  Grinder (D:5)
  A polar bear (shapeshifter) (Vaults:1)
  13 slime creatures
  10 large abominations
  2 harpy skeletons
  11 snapping turtles
  A bog body (Crypt:1)
  10 raiju
  10 blink frogs
  2 dream sheep
  3 wind drakes
  A fire dragon zombie (Crypt:3)
  11 hippogriffs
  11 flying skulls
  3 shadows
  3 air elementals
  2 elf zombies
  3 spriggans
  6 redbacks
  A human (D:13)
  10 wyverns
  A golden eye (Abyss:3)
  19 yaks
  3 basilisks
  14 water elementals
  16 wraiths
  2 fire elementals
  A wyvern (shapeshifter) (Depths:5)
  4 chaos spawn
  4 fire bats
  3 hungry ghosts
  A neqoxec (Abyss:3)
  9 wargs
  A warg (shapeshifter) (D:15)
  A yaktaur simulacrum (Vaults:3)
  A spatial vortex (Snake:3)
  3 acid dragons
  A naga (shapeshifter) (Depths:3)
  24 nagas
  A spiny frog zombie (Crypt:2)
  15 water moccasins
  6 porcupines
  8 sky beasts
  An ice beast (D:8)
  3 hornet zombies
  A swamp drake (Snake:3)
  A sky beast (shapeshifter) (Depths:1)
  24 orc warriors
  An elephant zombie (Crypt:1)
  3 phantoms
  A black bear (shapeshifter) (Vaults:2)
  9 boggarts
  11 necrophages
  22 ogres
  A snapping turtle zombie (Crypt:3)
  30 wolves
  An elf skeleton (Vaults:2)
  5 crocodiles
  13 centaurs
  3 big kobolds
  A salamander zombie (Crypt:1)
  9 bullfrogs
  9 small abominations
  An earth elemental (Elf:3)
  9 wyvern skeletons
  13 wights
  9 killer bees
  A wolf zombie (Crypt:1)
  9 electric eels
  6 crimson imps
  4 quasits
  2 jellies
  2 bullfrog skeletons
  A demonspawn zombie (Crypt:2)
  4 hounds
  32 orc priests
  16 orc wizards
  6 iron imps
  A basilisk skeleton (Crypt:2)
  6 hexers
  6 worker ants
  4 lightning spires (Depths:1)
  A demigod zombie (Crypt:1)
  2 hound zombies
  A gnoll (D:6)
  A worker ant zombie (D:5)
  9 adders
  A shadow imp (Depths:3)
  2 white imps
  2 ufetubi
  2 adder skeletons
  A worm (D:5)
  2 dart slugs (D:2)
  2 leopard geckos
  73 orcs
  4 bats
  8 giant cockroaches
  4 hobgoblins
  3 jackals
  3 quokkas
  2 ball pythons (Snake:2)
  A frilled lizard (D:2)
  3 goblins
  23 kobolds
  2 leopard gecko skeletons (D:5)
  A quokka zombie (D:6)
  6 rats
  2 crawling corpses (Elf:3)
  A plant (Shoals:4)
  A snaplasher vine (Vaults:3)
  A spectral weapon (Lair:6)
  3 starspawn tentacles (Abyss:3)
  2 withered plants (Crypt:3)
1575 creatures vanquished.

Vanquished Creatures (collateral kills)
  The ghost of iamserjio the Metallomancer, a legendary FoEE of Kikubaaqudgha (Depths:4)
  2 juggernauts
  An ancient lich (Vaults:5)
  Boris (Depths:5)
  Margery (Vaults:5)
  3 caustic shrikes (Depths:4)
  3 golden dragons
  3 bone dragons
  A lich (Depths:5)
  4 tentacled monstrosities
  A deep elf blademaster (Elf:2)
  4 quicksilver dragons
  A deep elf master archer (Elf:3)
  2 titans
  An ancient champion (Crypt:2)
  A death cob (Zot:1)
  A tentacled starspawn (Abyss:2)
  11 tengu reavers
  3 storm dragons
  A sphinx (Depths:2)
  3 shadow dragons
  A revenant (Crypt:3)
  6 fire giants
  5 nagarajas
  6 frost giants
  A deep elf sorcerer (Depths:2)
  A draconian knight (Depths:5)
  A curse skull (Crypt:3)
  7 ghouls
  A juggernaut zombie (Crypt:2)
  A juggernaut skeleton (Depths:4)
  3 deep elf elementalists
  7 ironheart preservers
  2 vault wardens
  A draconian annihilator (Depths:5)
  A spriggan defender (Depths:4)
  6 stone giants
  7 very ugly things
  A green draconian (Depths:5)
  An entropy weaver (Vaults:2)
  A caustic shrike skeleton (Depths:4)
  4 deep elf annihilators
  2 vampire knights
  2 black draconians
  4 deep elf demonologists
  A red draconian (Depths:5)
  2 yellow draconians (Depths:5)
  6 spark wasps
  5 eidola (Crypt:3)
  A merfolk javelineer (Shoals:3)
  A blizzard demon (Depths:3)
  7 deep elf death magi
  4 deep elf high priests
  A crystal guardian (Vaults:4)
  3 ettins
  5 fire dragons
  2 merfolk impalers
  Snorg (D:12)
  A quicksilver dragon zombie (Crypt:3)
  A jiangshi (Vaults:3)
  6 yaktaur captains
  2 rakshasas
  12 vault guards
  3 naga warriors
  5 ice dragons
  6 great orbs of eyes
  3 hydras
  3 spriggan air magi
  3 merfolk avatars
  3 centaur warriors
  21 two-headed ogres
  7 ogre magi
  2 satyrs
  20 dancing weapons
  A death yak (Lair:6)
  An alligator snapping turtle (Shoals:3)
  An orc high priest (Orc:2)
  6 tengu warriors
  3 deep troll shamans
  6 death knights
  An alligator (Snake:3)
  6 deep troll earth magi
  3 spriggan berserkers
  3 vampire magi
  11 naga sharpshooters
  Urug (D:12)
  13 deep elf knights
  3 shock serpents
  A sun demon (Depths:4)
  2 soul eaters
  A golden dragon zombie (Crypt:3)
  2 iron trolls
  8 skeletal warriors
  6 sea snakes
  2 shadow wraiths
  5 flayed ghosts
  20 deep trolls
  A swamp dragon (Snake:3)
  3 glowing orange brains
  4 wizards
  7 hell knights
  4 naga ritualists
  A kraken simulacrum (Shoals:4)
  An ironbrand convoker (Vaults:5)
  10 deep elf archers
  4 orc knights
  14 phantasmal warriors
  3 necromancers
  31 ugly things
  7 harpies
  A shadow dragon zombie (Crypt:3)
  5 mana vipers
  25 deep elf magi
  3 fauns
  2 salamanders
  A wolf spider (Lair:5)
  4 orc sorcerers
  2 cyclopes (Vaults:2)
  2 large abominations
  5 manticores
  A shock serpent zombie (Crypt:3)
  A moth of wrath (Zot:1)
  A merfolk siren (Shoals:3)
  3 elephants
  A black mamba (shapeshifter) (Vaults:3)
  8 naga magi
  4 guardian serpents
  An elf zombie (Depths:4)
  A water nymph (Shoals:1)
  10 black mambas
  3 smoke demons (Abyss:2)
  4 vault sentinels
  A rust devil (Abyss:3)
  An emperor scorpion zombie (Crypt:1)
  7 spiny frogs
  22 yaktaurs
  A komodo dragon (Lair:3)
  6 freezing wraiths
  A spark wasp simulacrum (Depths:4)
  A queen bee (Lair:5)
  An ancient zyme (Abyss:2)
  4 trolls
  A red devil (Depths:3)
  6 merfolk
  2 wind drakes
  9 hornets
  A hornet (shapeshifter) (Depths:4)
  A polar bear (Lair:6)
  A bog body (Crypt:1)
  2 snapping turtles
  A raiju (Abyss:2)
  16 dream sheep
  A blink frog (shapeshifter) (Vaults:5)
  A slime creature (shapeshifter) (Vaults:2)
  15 slime creatures
  A blink frog (Lair:3)
  6 flying skulls
  A human simulacrum (Vaults:1)
  4 hippogriffs
  2 redbacks
  8 spriggans
  4 air elementals (Depths:1)
  5 wraiths
  5 water elementals
  A shadow (Crypt:1)
  3 wyverns
  A basilisk (Lair:4)
  2 fire bats
  12 yaks
  A basilisk (shapeshifter) (Vaults:5)
  A golden eye (Abyss:3)
  2 hungry ghosts
  2 chaos spawn
  3 neqoxecs
  4 insubstantial wisps (Depths:1)
  A two-headed ogre zombie (Crypt:2)
  22 nagas
  A spatial vortex (Snake:3)
  A swamp worm (Snake:3)
  A warg (Vaults:1)
  4 water moccasins
  7 porcupines
  A soldier ant (D:15)
  A torturous demonspawn skeleton (Crypt:2)
  4 orc warriors
  3 sky beasts
  A black bear (shapeshifter) (D:15)
  2 ice beasts
  24 ogres
  3 phantoms
  16 boggarts
  5 necrophages
  3 crocodiles
  14 wolves
  5 centaurs
  2 big kobolds
  4 small abominations
  6 bullfrogs
  An earth elemental (Elf:1)
  A gnoll sergeant (D:6)
  5 wyvern skeletons (Crypt:3)
  2 scorpions
  5 killer bees
  6 wights
  2 howler monkeys
  An electric eel (D:9)
  A centaur zombie (D:8)
  11 orc priests
  A quasit (D:9)
  4 hounds
  3 jellies
  Crazy Yiuf (D:7)
  2 iron imps
  2 bullfrog skeletons
  A black bear skeleton (Crypt:2)
  2 iguanas
  12 orc wizards
  A worker ant (D:10)
  A worker ant zombie (D:5)
  A howler monkey skeleton (Crypt:2)
  8 adders
  5 gnolls
  3 shadow imps
  2 white imps
  An ufetubus (Abyss:2)
  3 worms
  3 leopard geckos
  30 orcs
  2 ball pythons
  3 giant cockroaches
  A goblin (D:3)
  8 hobgoblins
  4 jackals
  12 kobolds
  A rat (D:3)
  5 crawling corpses
  A fungus (Lair:6)
  A macabre mass (Depths:4)
  3 plants
  3 starspawn tentacles (Abyss:2)
  3 withered plants (Crypt:3)
1011 creatures vanquished.

Vanquished Creatures (others)
  Nessos (D:15)
  A minotaur (Lab)
  A merfolk javelineer (Shoals:4)
  2 vault guards (Vaults:5)
  A merfolk aquamancer (Shoals:3)
  A merfolk avatar (Shoals:4)
  2 ogre magi
  2 deep elf knights
  A deep elf archer (Elf:2)
  2 deep elf magi
  A raiju (Abyss:2)
  A dream sheep (Shoals:2)
  3 humans (D:15)
  A naga (Snake:4)
  An orc warrior (Vaults:5)
  A boggart (Vaults:1)
  127 hexers
  7 ancestors
  2 ball lightnings (Depths:1)
  A bush (Lair:6)
  21 fungi
  A lurking horror (Abyss:3)
  53 plants
  11 snaplasher vines
  30 spectral weapons
  5 starspawn tentacles
  6 tentacles (Shoals:4)
  A withered plant (Crypt:3)
287 creatures vanquished.

Grand Total: 2873 creatures vanquished

Notes
Turn   | Place    | Note
-------+----------+-------------------------------------------
     0 | D:1      | hexaflexagon the Merfolk Wizard began the quest for the Orb.
     0 | D:1      | Reached XP level 1. HP: 13/13 MP: 4/4
   318 | D:1      | Reached XP level 2. HP: 19/19 MP: 0/6
   322 | D:1      | Learned a level 2 spell: Call Imp
   454 | D:1      | Learned a level 2 spell: Blink
  1240 | D:2      | Reached XP level 3. HP: 21/24 MP: 5/8
  1469 | D:2      | Reached skill level 1 in Polearms
  1878 | D:2      | Reached XP level 4. HP: 30/30 MP: 6/10
  1888 | D:2      | Found an opulent altar of Gozag.
  1996 | D:3      | Found an ornate altar of the Wu Jian Council.
  2108 | D:3      | Reached skill level 2 in Polearms
  2159 | D:3      | Found a faded altar of an unknown god.
  2374 | D:3      | Reached XP level 5. HP: 35/35 MP: 4/11
  2492 | D:3      | Reached skill level 3 in Polearms
  2520 | D:3      | Reached skill level 4 in Polearms
  2852 | D:4      | Noticed an ogre
  2860 | D:4      | Killed an ogre
  2860 | D:4      | Reached skill level 5 in Polearms
  2860 | D:4      | Reached XP level 6. HP: 41/41 MP: 5/12
  3487 | D:5      | Entered Level 5 of the Dungeon
  3589 | D:5      | Reached skill level 1 in Fighting
  3589 | D:5      | Reached skill level 6 in Polearms
  4185 | D:5      | Learned a level 3 spell: Mephitic Cloud
  4189 | D:5      | Learned a level 3 spell: Conjure Flame
  4428 | D:5      | Noticed Grinder
  4499 | D:5      | Killed Grinder
  4499 | D:5      | Reached skill level 1 in Conjurations
  4499 | D:5      | Reached XP level 7. HP: 51/51 MP: 8/13
  4892 | D:6      | Reached skill level 7 in Polearms
  4946 | D:6      | Found a staircase to the Ecumenical Temple.
  5029 | Temple   | Entered the Ecumenical Temple
  5119 | Temple   | Became a worshipper of Hepliaklqana the Forgotten
  5273 | D:6      | Reached XP level 8. HP: 54/54 MP: 9/14
  5285 | D:6      | Reached skill level 8 in Polearms
  5395 | D:6      | Reached skill level 1 in Translocations
  5436 | D:6      | Reached skill level 1 in Poison Magic
  5959 | D:7      | Found a bloodstained altar of Trog.
  6086 | D:7      | Reached skill level 5 in Fighting
  6160 | D:7      | Found a shadowy altar of Dithmenos.
  6161 | D:7      | Reached * piety under Hepliaklqana
  6241 | D:7      | Reached skill level 9 in Polearms
  6270 | D:7      | Noticed a hippogriff
  6311 | D:7      | Reached skill level 1 in Air Magic
  6403 | D:7      | Found a shattered altar of Ashenzari.
  6404 | D:7      | Found a glowing golden altar of the Shining One.
  6461 | D:7      | Found a runed door.
  6572 | D:7      | Reached XP level 9. HP: 61/61 MP: 11/15
  6715 | D:7      | Noticed Crazy Yiuf
  6724 | D:7      | Killed Crazy Yiuf
  6737 | D:7      | Got an encrusted mace
  6814 | D:8      | Identified the +3 mace of Rootofet {crush, rC+ MR+} (You found it on level 7 of the Dungeon)
  6830 | D:8      | Got a twisted scale mail
  6979 | D:8      | Reached skill level 5 in Spellcasting
  7131 | D:8      | Reached skill level 10 in Polearms
  7661 | D:9      | Reached skill level 5 in Dodging
  7818 | D:9      | Reached ** piety under Hepliaklqana
  7819 | D:9      | Remembered your ancestor King Crimson as a hexer
  7825 | D:9      | Noticed a troll
  7835 | D:9      | Found a shimmering altar of Xom.
  7929 | D:9      | Reached skill level 1 in Invocations
  8049 | D:9      | Reached XP level 10. HP: 66/66 MP: 17/17
  8064 | D:9      | Found a staircase to the Lair.
  8177 | D:9      | Reached skill level 11 in Polearms
  8527 | D:7      | Identified the +0 scale mail of the Armadillo {rN+ Str+3 Stlth+} (You found it on level 8 of the Dungeon)
  8602 | D:10     | Entered Level 10 of the Dungeon
  8716 | D:10     | Reached skill level 12 in Polearms
  8848 | D:10     | Noticed whitenoisemaker's ghost (novice DrTm)
  8905 | D:10     | Noticed Joseph
 10050 | D:10     | Reached skill level 13 in Polearms
 11086 | D:10     | Killed Joseph
 11086 | D:10     | Reached skill level 14 in Polearms
 11634 | D:10     | Killed whitenoisemaker's ghost
 11634 | D:10     | Reached XP level 11. HP: 74/74 MP: 12/18
 11816 | D:11     | Noticed a manticore
 11846 | D:11     | Killed a manticore
 12411 | D:11     | Reached *** piety under Hepliaklqana
 12499 | D:11     | Found a staircase to the Orcish Mines.
 12524 | D:11     | Noticed a two-headed ogre
 12532 | D:11     | Found a roughly hewn altar of Beogh.
 12710 | D:11     | Noticed Kairos's ghost (journeyman DsGl)
 12768 | D:11     | Killed Kairos's ghost
 13139 | Lair:1   | Entered Level 1 of the Lair of Beasts
 13424 | Lair:1   | Reached skill level 10 in Fighting
 13428 | Lair:1   | You fall through a shaft!
 13721 | Lair:2   | Found a staircase to the Shoals.
 13750 | Lair:2   | Reached skill level 5 in Poison Magic
 14317 | Lair:2   | Noticed a five-headed hydra
 14396 | Lair:1   | Reached **** piety under Hepliaklqana
 14522 | D:9      | Reached skill level 10 in Dodging
 14641 | D:10     | Reached XP level 12. HP: 87/87 MP: 12/19
 14733 | D:12     | Noticed Josephine
 14862 | D:12     | Noticed Snorg
 14876 | D:12     | Killed Snorg
 14876 | D:12     | Reached skill level 5 in Invocations
 14891 | D:12     | Found a labyrinth entrance.
 14893 | D:12     | Noticed a two-headed ogre
 14895 | D:12     | Gained mutation: Your mind is acute. (Int +2) [potion of mutation]
 14895 | D:12     | Gained mutation: You evolve. [potion of mutation]
 14909 | D:12     | Killed a two-headed ogre
 14947 | D:12     | Noticed a two-headed ogre
 14953 | Lab      | Entered a labyrinth
 15085 | Lab      | Gained mutation: You have a pair of small horns on your head. [evolution]
 15216 | Lab      | Identified the Handbook of Dark Magic
 15221 | Lab      | Noticed a minotaur
 15267 | Lab      | Killed a minotaur
 15267 | Lab      | Reached skill level 5 in Conjurations
 15271 | Lab      | Got a faintly glowing arbalest
 15343 | Lab      | Identified a +2 pair of boots of running (You found it in a labyrinth)
 15535 | Lair:1   | Reached skill level 1 in Evocations
 15967 | Lair:2   | Noticed a five-headed hydra
 16091 | Lair:2   | Found a staircase to the Snake Pit.
 16110 | Lair:2   | Killed a five-headed hydra
 16110 | Lair:2   | Reached skill level 5 in Evocations
 16364 | Lair:2   | Killed a five-headed hydra
 17410 | Lair:3   | Reached ***** piety under Hepliaklqana
 17957 | Lair:4   | Reached XP level 13. HP: 92/92 MP: 13/20
 18024 | Lair:4   | Learned a level 3 spell: Spectral Weapon
 18173 | Lair:4   | Reached skill level 1 in Charms
 18247 | Lair:4   | Reached skill level 1 in Hexes
 18299 | Lair:4   | Identified a scroll of acquirement
 18300 | Lair:4   | Got a pair of translucent boots
 18486 | Lair:4   | Identified the +1 pair of boots "Beepamp" {rN+} (You acquired it on level 4 of the Lair of Beasts)
 19082 | Lair:5   | Found a viscous altar of Jiyva.
 19082 | Lair:5   | Found a staircase to the Slime Pits.
 19237 | Lair:5   | Learned a level 2 spell: Shroud of Golubria
 19241 | Lair:5   | Learned a level 3 spell: Regeneration
 19244 | Lair:5   | Learned a level 2 spell: Song of Slaying
 19401 | Lair:5   | Reached skill level 15 in Polearms
 19886 | Lair:6   | Entered Level 6 of the Lair of Beasts
 20520 | Lair:6   | Reached skill level 1 in Necromancy
 20567 | Lair:5   | Reached skill level 1 in Fire Magic
 22080 | Lair:6   | Reached skill level 16 in Polearms
 22175 | Lair:6   | Reached XP level 14. HP: 90/99 MP: 12/23
 22221 | Lair:5   | Reached skill level 5 in Charms
 22556 | Lair:5   | Upgraded the game from 0.22-a0-417-g1387785 to 0.22-a0-419-g492bfec
 23332 | Lair:6   | Reached skill level 17 in Polearms
 23790 | Lair:6   | Paralysed by a hornet for 2 turns
 23971 | Lair:6   | Reached skill level 18 in Polearms
 24764 | D:11     | Gained mutation: You have an increased reservoir of magic. (+10% MP) [evolution]
 25145 | D:12     | Reached skill level 19 in Polearms
 25254 | D:12     | Noticed Urug
 25295 | D:12     | Killed Urug
 25468 | D:12     | Noticed Rupert
 25535 | D:12     | Killed Rupert
 26221 | Orc:1    | Entered Level 1 of the Orcish Mines
 26320 | Orc:1    | Found a roughly hewn altar of Beogh.
 26342 | Orc:1    | Reached skill level 20 in Polearms
 26618 | Orc:1    | Noticed an orc warlord
 26666 | Orc:1    | Killed an orc warlord
 26814 | Orc:1    | Reached XP level 15. HP: 100/103 MP: 24/26
 27322 | Orc:1    | Found a roughly hewn altar of Beogh.
 27770 | Orc:2    | Entered Level 2 of the Orcish Mines
 27773 | Orc:2    | Found a staircase to the Elven Halls.
 28013 | Orc:1    | Found Zegutz's Antique Weapon Shoppe.
 28550 | Orc:2    | Found Oggoupa's Magic Scroll Shop.
 28678 | Orc:2    | Found Cejoick's Distillery.
 28678 | Orc:2    | Found Vuuduh's Book Emporium.
 28706 | Orc:2    | Found a roughly hewn altar of Beogh.
 28728 | Orc:2    | Found Mehesin's Antique Weapon Shop.
 28735 | Orc:2    | Found Xyaripso's Antique Weapon Emporium.
 29139 | Orc:2    | Bought a potion of might for 56 gold pieces
 29139 | Orc:2    | Bought a potion of agility for 56 gold pieces
 29139 | Orc:2    | Bought a potion of flight for 42 gold pieces
 29152 | Orc:2    | Bought a book of Callings for 390 gold pieces
 29158 | Orc:2    | Learned a level 3 spell: Call Canine Familiar
 30207 | D:13     | Gained mutation: Your body sometimes deteriorates upon taking damage. [evolution]
 30805 | D:14     | Killed Josephine
 30848 | D:14     | Found a burning altar of Makhleb.
 30974 | D:14     | Reached ****** piety under Hepliaklqana
 31438 | D:15     | Entered Level 15 of the Dungeon
 31440 | D:15     | Noticed Kirke
 31711 | D:15     | Killed Kirke
 31759 | D:15     | Noticed Amnesiac's ghost (adept SpTm)
 31822 | D:15     | Killed Amnesiac's ghost
 31969 | D:15     | Noticed Agnes
 32015 | D:15     | Noticed a frost giant
 32225 | D:13     | Reached skill level 5 in Summonings
 32553 | D:13     | Found a gate to the Vaults.
 33065 | Shoals:1 | Entered Level 1 of the Shoals
 33154 | Shoals:1 | Learned a level 4 spell: Summon Lightning Spire
 33362 | Shoals:1 | Reached skill level 21 in Polearms
 34335 | Shoals:2 | Reached XP level 16. HP: 99/111 MP: 11/29
 34956 | D:15     | Paralysed by a wizard for 7 turns
 35056 | D:15     | Killed Agnes
 35109 | D:15     | Got a pair of distressingly furry gloves
 35110 | D:15     | Identified the +0 pair of gloves of Eternity {MR- Str+8 Slay+2} (You acquired it on level 15 of the Dungeon)
 35281 | D:15     | Reached skill level 22 in Polearms
 35896 | D:15     | Found a staircase to the Depths.
 36060 | D:15     | Noticed Louise
 36154 | D:15     | Killed Louise
 36233 | D:15     | Noticed Nessos
 36253 | D:15     | Killed Nessos
 36824 | Shoals:2 | Gained mutation: Your muscles are strong. (Str +2) [evolution]
 37797 | Shoals:3 | Found the amulet of the Air {Inacc +Fly rElec EV+5 RMsl}
 38476 | Shoals:2 | Lost mutation: Your mind is acute. (Int +2) [potion of mutation]
 38476 | Shoals:2 | Lost mutation: You have a pair of small horns on your head. [potion of mutation]
 38476 | Shoals:2 | Lost mutation: Your body sometimes deteriorates upon taking damage. [potion of mutation]
 38476 | Shoals:2 | Gained mutation: You are agile. (Dex +2) [potion of mutation]
 38476 | Shoals:2 | Gained mutation: Your mind is acute. (Int +2) [potion of mutation]
 38628 | Shoals:3 | Found Xoqous's Antique Weapon Shoppe.
 39589 | Shoals:3 | Reached XP level 17. HP: 119/125 MP: 24/30
 39750 | Shoals:4 | Entered Level 4 of the Shoals
 40569 | Snake:1  | Entered Level 1 of the Snake Pit
 40579 | Snake:1  | Noticed dstrtnsr's ghost (journeyman TrFi)
 40933 | Snake:1  | Killed dstrtnsr's ghost
 41165 | Snake:1  | Found Xoyl's Book Emporium.
 41470 | Snake:1  | Noticed Nikola
 41512 | Snake:1  | Noticed Frances
 42332 | Snake:1  | Killed Frances
 44057 | Shoals:3 | Reached skill level 10 in Summonings
 44194 | Shoals:4 | Noticed Ilsuiw
 44455 | Shoals:4 | Killed Ilsuiw
 44914 | Shoals:4 | Got a barnacled rune of Zot
 45139 | Shoals:4 | Reached XP level 18. HP: 112/131 MP: 27/33
 45726 | Vaults:1 | Entered Level 1 of the Vaults
 45752 | Vaults:1 | Reached skill level 1 in Armour
 46332 | Shoals:2 | Learned a level 6 spell: Shadow Creatures
 47533 | Snake:2  | Gained mutation: You are very agile. (Dex +4) [evolution]
 48531 | Snake:3  | Reached skill level 5 in Armour
 49037 | Snake:4  | Entered Level 4 of the Snake Pit
 49506 | Snake:4  | Found a radiant altar of Vehumet.
 49735 | Snake:4  | Found Gebuh's Distillery.
 49738 | Snake:4  | Bought a potion of heal wounds for 65 gold pieces
 51248 | Snake:4  | Reached skill level 10 in Spellcasting
 51540 | Snake:4  | Reached XP level 19. HP: 91/136 MP: 30/36
 51703 | Snake:4  | Got a serpentine rune of Zot
 52448 | Vaults:1 | Found Dyschey's Magic Scroll Shop.
 53108 | Vaults:1 | Reached skill level 10 in Armour
 53184 | Vaults:1 | Lost mutation: You are very agile. (Dex +4) [evolution]
 54438 | Vaults:2 | Paralysed by an ogre mage for 7 turns
 54803 | Vaults:2 | Found Ceqija Vimi's Magic Scroll Shop.
 54803 | Vaults:2 | Noticed Frederick
 54833 | Vaults:2 | Killed Frederick
 54833 | Vaults:2 | Reached skill level 5 in Hexes
 55032 | Vaults:2 | Reached XP level 20. HP: 144/144 MP: 39/39
 55939 | Vaults:2 | Reached skill level 23 in Polearms
 57021 | Orc:2    | Bought a book of Summonings for 910 gold pieces
 57027 | Orc:2    | Learned a level 5 spell: Summon Forest
 57031 | Orc:2    | Learned a level 3 spell: Recall
 57065 | Elf:1    | Entered Level 1 of the Elven Halls
 58015 | Elf:1    | Got a glittering brass ring
 58108 | Elf:1    | Noticed a Tzitzimitl
 58208 | Elf:1    | Identified the ring "Ozepneshro" {rPois rF+ Slay+3} (You took it off a deep elf mage on level 1 of the Elven Halls)
 58590 | Elf:1    | Gained mutation: You tend to lose your temper in combat. [a cacodemon]
 58613 | Elf:1    | Cast into level 2 of the Abyss (a deep elf demonologist)
 58739 | Abyss:2  | Learned a level 1 spell: Apportation
 58851 | Abyss:2  | Found a corrupted altar of Lugonu.
 59024 | Abyss:2  | Reached skill level 15 in Fighting
 59061 | Abyss:2  | Noticed a bone dragon
 59077 | Abyss:2  | Killed a bone dragon
 59524 | Elf:1    | Escaped the Abyss
 60290 | Elf:2    | Reached XP level 21. HP: 126/151 MP: 6/41
 60483 | Elf:2    | Found Boomacw's Distillery.
 60560 | Elf:2    | Found a runed gate.
 60562 | Elf:2    | Found a runed gate.
 60567 | Elf:2    | Found a runed gate.
 61707 | Elf:3    | Entered Level 3 of the Elven Halls
 62939 | Elf:2    | Reached skill level 5 in Necromancy
 63247 | Elf:3    | Cast into level 3 of the Abyss (a deep elf demonologist)
 63312 | Abyss:3  | Noticed a bone dragon
 63327 | Abyss:3  | Killed a bone dragon
 63730 | Elf:3    | Escaped the Abyss
 63956 | Elf:3    | Reached skill level 24 in Polearms
 63956 | Elf:3    | Reached skill level 10 in Invocations
 64358 | Elf:3    | Identified the ring of Curiosity {rN+ AC+3} (You took it off a deep elf demonologist on level 3 of the Elven Halls)
 64428 | Elf:3    | Found the +7 longbow "Piercer" {penet, EV-2}
 64428 | Elf:3    | Identified Ewno's Collected Works on Earthen Shape Shifting
 64852 | Depths:1 | Entered Level 1 of the Depths
 65847 | Vaults:2 | Reached XP level 22. HP: 147/160 MP: 42/42
 66012 | Vaults:3 | Found Plog's Armour Boutique.
 66035 | Vaults:3 | Found Susche Uph's Food Shoppe.
 66077 | Vaults:3 | Found Egynu's Antique Weapon Emporium.
 66914 | Vaults:3 | Found a staircase to the Crypt.
 66942 | Vaults:4 | Noticed Boris
 66957 | Vaults:4 | Killed Boris
 67280 | Vaults:4 | Gained mutation: You expend magic power (3 MP) to strengthen your wands. [evolution]
 67521 | Vaults:4 | Reached skill level 10 in Necromancy
 68862 | Depths:1 | Reached skill level 25 in Polearms
 69124 | Depths:1 | Paralysed by a yaktaur for 3 turns
 69267 | Depths:1 | Found a gateway to Hell.
 69391 | Depths:1 | Found a shattered altar of Ashenzari.
 69691 | Depths:1 | Found a one-way gate leading to the halls of Pandemonium.
 70047 | Depths:1 | Found a runed door.
 70523 | Depths:2 | Cast into level 2 of the Abyss (a wizard)
 70523 | Abyss:2  | Found a corrupted altar of Lugonu.
 70543 | Depths:2 | Escaped the Abyss
 70634 | Depths:2 | Reached XP level 23. HP: 165/165 MP: 19/44
 70772 | Depths:2 | Paralysed by a vampire knight for 5 turns
 70774 | Depths:2 | Reached skill level 26 in Polearms
 70898 | Depths:2 | Noticed a juggernaut
 70934 | Depths:2 | Killed a juggernaut
 71403 | Depths:2 | Noticed a juggernaut
 71423 | Depths:2 | Killed a juggernaut
 71568 | Depths:2 | Found the +3 hat of Pondering {ponderous, MR+ MP+10 Int+5}
 71835 | Depths:2 | Learned a level 6 spell: Death Channel
 71888 | Depths:3 | Upgraded the game from 0.22-a0-419-g492bfec to 0.22-a0-422-g9628fc8
 72330 | Depths:3 | Identified the ring of the Neverending People {rElec rPois rC+ MR+ Str+2} (You found it on level 3 of the Depths)
 72543 | Depths:3 | Found a stormy altar of Qazlal.
 73137 | Depths:4 | Noticed a juggernaut
 73178 | Depths:4 | Killed a juggernaut
 73320 | Depths:4 | Reached skill level 15 in Dodging
 73445 | Depths:4 | Noticed iamserjio's ghost (legendary FoEE)
 73491 | Depths:4 | Killed iamserjio's ghost
 73636 | Depths:4 | Reached XP level 24. HP: 163/171 MP: 36/45
 73784 | Depths:4 | Noticed a caustic shrike
 73931 | Depths:4 | Noticed a caustic shrike
 73932 | Depths:4 | Noticed a caustic shrike
 73933 | Depths:4 | Noticed a caustic shrike
 73948 | Depths:4 | Killed a caustic shrike
 73954 | Depths:4 | Killed a caustic shrike
 73962 | Depths:4 | Killed a caustic shrike
 73966 | Depths:4 | Killed a caustic shrike
 74134 | Depths:4 | Identified the amulet of Qeutuoc {+Rage rElec Dex+2} (You took it off a deep elf annihilator on level 4 of the Depths)
 74221 | Depths:4 | Noticed a juggernaut
 74236 | Depths:4 | Killed a juggernaut
 74801 | Depths:4 | Found a one-way gate to the infinite horrors of the Abyss.
 74913 | Depths:4 | Got a brightly glowing lead ring
 74925 | Depths:4 | Identified the ring of Kyhakkal {rPois rF++} (You took it off a tengu reaver on level 4 of the Depths)
 74945 | Depths:4 | Learned a level 4 spell: Animate Dead
 75140 | Depths:4 | Identified the Almanac of the Freezing Birds
 75410 | Depths:5 | Entered Level 5 of the Depths
 75952 | Depths:5 | Reached skill level 15 in Spellcasting
 76152 | Depths:5 | Found a gateway to a ziggurat.
 76183 | Depths:5 | Noticed Boris
 76216 | Depths:5 | Killed Boris
 76277 | Depths:5 | Found a gate to the Realm of Zot.
 76921 | Depths:5 | Noticed Sojobo
 76957 | Depths:5 | Killed Sojobo
 76957 | Depths:5 | Reached XP level 25. HP: 112/181 MP: 39/46
 77193 | Depths:4 | Lost mutation: You expend magic power (3 MP) to strengthen your wands. [potion of mutation]
 77193 | Depths:4 | Gained mutation: You are partially covered in large bone plates. (SH +4) [potion of mutation]
 77193 | Depths:4 | Gained mutation: Your flesh is heat resistant. (rF+) [potion of mutation]
 77193 | Depths:4 | Gained mutation: You can translocate small distances at will. [potion of mutation]
 77194 | Depths:4 | Lost mutation: Your mind is acute. (Int +2) [potion of mutation]
 77194 | Depths:4 | Lost mutation: Your muscles are strong. (Str +2) [potion of mutation]
 77194 | Depths:4 | Gained mutation: You are covered in fur. (AC +1) [potion of mutation]
 77194 | Depths:4 | Gained mutation: Your flesh is very heat resistant. (rF++) [potion of mutation]
 77195 | Depths:4 | Lost mutation: You can translocate small distances at will. [potion of mutation]
 77195 | Depths:4 | Lost mutation: Your flesh is very heat resistant. (rF++) [potion of mutation]
 77195 | Depths:4 | Gained mutation: You are partially covered in yellow scales. (AC +2) [potion of mutation]
 77589 | Crypt:1  | Entered Level 1 of the Crypt
 79829 | Crypt:3  | Entered Level 3 of the Crypt
 80388 | Crypt:3  | Identified the Collected Works on Unholy Rites
 81142 | Crypt:3  | Found a basalt altar of Yredelemnul.
 82066 | Crypt:3  | Gained mutation: You expend magic power (3 MP) to strengthen your wands. [evolution]
 82229 | Crypt:3  | Got a fine steel ring
 82390 | Crypt:3  | Identified the ring of Erorecwu {rPois rN+ Stlth+} (You found it on level 3 of the Crypt)
 83555 | Vaults:4 | Lost mutation: Your flesh is heat resistant. (rF+) [potion of mutation]
 83555 | Vaults:4 | Lost mutation: You are partially covered in large bone plates. (SH +4) [potion of mutation]
 83555 | Vaults:4 | Lost mutation: You are agile. (Dex +2) [potion of mutation]
 83555 | Vaults:4 | Gained mutation: Your body sometimes deteriorates upon taking damage. [potion of mutation]
 83555 | Vaults:4 | Gained mutation: You can translocate small distances at will. [potion of mutation]
 83556 | Vaults:4 | Lost mutation: You tend to lose your temper in combat. [potion of mutation]
 83556 | Vaults:4 | Lost mutation: You evolve. [potion of mutation]
 83556 | Vaults:4 | Lost mutation: You are partially covered in yellow scales. (AC +2) [potion of mutation]
 83556 | Vaults:4 | Gained mutation: You are resistant to electric shocks. (rElec) [potion of mutation]
 83556 | Vaults:4 | Gained mutation: Your spells are a little harder to cast, but a little more powerful. [potion of mutation]
 85570 | Vaults:5 | Entered Level 5 of the Vaults
 85673 | Vaults:5 | Killed an ancient lich
 85674 | Vaults:5 | Reached XP level 26. HP: 129/195 MP: 46/46
 86029 | Vaults:5 | Reached skill level 15 in Summonings
 86101 | Vaults:5 | Found the +2 hat of the Bear Spirit {Spirit, +Rage rN+ MR++}
 86236 | Vaults:5 | Found the +0 mask of the Dragon {MR+ Slay+3 SInv}
 86417 | Vaults:5 | Found the +5 scythe "Finisher" {speed, Str+3}
 86698 | Vaults:5 | Noticed Margery
 86716 | Vaults:5 | Killed Margery
 86724 | Vaults:5 | Reached skill level 10 in Hexes
 86842 | Vaults:5 | Got a silver rune of Zot
 87774 | Depths:5 | Upgraded the game from 0.22-a0-799-g88f5e90 to 0.22-a0-803-gd6d8abe
 87862 | Depths:2 | Learned a level 6 spell: Deflect Missiles
 87951 | Zot:1    | Entered Level 1 of the Realm of Zot
 87968 | Zot:1    | Slain by a golden dragon

Vault maps used:
D:1:      minmay_arrival_three_doors, serial_glass, glass_columns_a,
          glass_columns_b
D:2:      nicolae_gozag_cash_rules_everything_around_me, first_ration
D:3:      lemuel_round_altar, chequers_ecumenical_altar_simple,
          hangedman_decor_points
D:4:      eino_tiny_chamber
D:5:      kennysheep_big_flooded_room, uniq_grinder
D:6:      minmay_temple_entry_glassed_door
D:7:      gammafunk_temple_overflow_pools, lemuel_doored_altar, basic_altar,
          grunt_ogre_cave, uniq_crazy_yiuf_cottage
D:9:      erik_lair_island, xom_teletrap_fun
D:10:     minmay_crystal_water, uniq_joseph
D:11:     minmay_orc_entry_temple_small, minmay_evil_grid
D:12:     lab_entry_generic, serial_bayou_ford_a, uniq_snorg, uniq_urug,
          uniq_rupert, uniq_josephine
D:13:     grunt_vaults_entry_fortified
D:14:     minivault_24, basic_altar, minmay_misc_feat_square
D:15:     gammafunk_enter_depths_forms, nrook_uturn, evilmike_minifort,
          uniq_louise, uniq_kirke, uniq_agnes, uniq_nessos
Temple:   minmay_crystal_spiral_temple
Lair:2:   shoals_dummy_entry, minmay_snake_entry_guardpost_small
Lair:4:   lemuel_old_faithful
Lair:5:   slime_altar_1, infiniplex_staircase_pool_2
Lair:6:   hangedman_lair_tendril_chambers, special_room,
          grunt_forest_large_clearings
Shoals:3: cheibrodos_shoals_three_sisters, serial_shops, shop,
          nicolae_shoals_loop_pool
Shoals:4: shoals_end_grunt_ice, shoals_ilsuiw_ice
Snake:1:  serial_shops, nicolae_shop_statue_plus, uniq_nikola, uniq_frances
Snake:2:  hangedman_snake_corridor_cut
Snake:3:  onia_ninara_swampy_vault, grunt_ministairs_5, nicolae_snake_shapes
Snake:4:  snake_pit, basic_altar, serial_shops, nicolae_shop_behind_doors
Orc:1:    orc_temple, basic_altar, serial_shops, shop, mines4_lemuel
Orc:2:    st_orc_town, serial_shops, shop_fountains,
          nicolae_orc_flooded_monolith, nicolae_orc_rockfall
Elf:1:    eino_elf_arrival_the_gate, orc_legates
Elf:2:    serial_shops, shop
Elf:3:    elf_hall, grunt_ministairs_3, palyth_stone_intersect
Vaults:1: v_misc_31, nicolae_vaults_bisected_exclaves, hangedman_vaults_corner,
          grunt_vaults_diagonal, ontoclasm_vaults_eye, ontoclasm_vaults_tryst,
          vaults_dpeg_diagonal, serial_shops, nicolae_shop_window_shopping
Vaults:2: nicolae_vaults_arrows, v_misc_25, v_misc_10, v_misc_1,
          hangedman_vaults_snaps, hangedman_vaults_slither,
          nicolae_vaults_network_periphery, vaults_room_stairs_pillars,
          vaults_room_door_ring, hangedman_vaults_impose,
          nicolae_vaults_ring_of_whatevers, grunt_vaults_hallway_long,
          ontoclasm_vaults_claustrophobia, nicolae_vaults_little_ls,
          ontoclasm_vaults_ligature, st_cells, vaults_room_semicircle,
          serial_shops, shop, uniq_frederick
Vaults:3: v_alt_pattern_6, vaults_standard_mumra_enter_the_diamond, v_rooms_5,
          v_alt_pattern_6, hangedman_vaults_nails, ontoclasm_vaults_bender,
          minmay_crypt_entry_simple_walls, v_misc_24, v_misc_17,
          ontoclasm_vaults_decontamination, nicolae_vaults_alarming,
          serial_shops, nicolae_shop_trees, shop, nicolae_shop_behind_doors
Vaults:4: hangedman_vaults_unwind, ontoclasm_vaults_hangar,
          hangedman_vaults_nails, nicolae_vaults_little_squares_3,
          vaults_mumra_hex, nicolae_vaults_fighting_squares,
          vaults_mumra_minichess_inversion, nicolae_vaults_angled_halls,
          hangedman_vaults_impose, hangedman_vaults_pinch,
          vaults_room_fancy_cross, v_misc_27, uniq_boris
Vaults:5: uniq_margery
Crypt:1:  st_stairs_12, grunt_ministairs_3, grunt_crypt_arrival_webbed
Crypt:2:  serial_sigils, serial_sigils_hangedman_quiver,
          serial_sigils_hangedman_snap, serial_sigils_hangedman_snap,
          serial_sigils_hangedman_quiver, serial_sigils_hangedman_quiver,
          serial_sigils_hangedman_quiver, corexii_leaking_fountain
Crypt:3:  evilmike_haunted_forest
Depths:1: rand_demon_pan_entry_5, nicolae_ashenzari_panopticon, hell_entry,
          hangedman_aerie_drop
Depths:2: minmay_tearing_corner, grunt_hell_entry_dis_grunt,
          minmay_staircase_bubble
Depths:3: minmay_the_grid_plus, hell_entry, grunt_pan_entry_in_and_out,
          basic_altar
Depths:4: grunt_twisty_corner, minmay_misc_feat_diagonals, grunt_mini_vestibule,
          abyss_entry, hangedman_glass_teeth, minmay_hollow_rounded_squares
Depths:5: grunt_zot_entry_funnels, enter_ziggurat_a, hell_entry,
          kennysheep_random_hallway, uniq_sojobo, uniq_boris
Zot:1:    evilmike_ambush
Abyss:2:  minivault_5
Abyss:3:  evilmike_abyss_exit_13, hangedman_abyss_or_decor_clamps
Lab:      labyrinth_mini_lab

Skill      XL: |  1  2  3  4  5  6  7  8  9 10 11 12 13 14 15 16 17 18 19 20 21 22 23 24 25 26 |
---------------+-------------------------------------------------------------------------------+-----
Polearms       | 1 2 5 6 7 9 10 14 16 20 21 22 23 24 25 26 | 26.9
Summonings     | 2 3 4 6 9 11 13 14 16 | 16.0
Spellcasting   | 4 5 6 7 8 10 11 12 13 14 15 16 | 16.0
Fighting       | 2 3 5 6 10 14 15 16 17 19 20 | 20.0
Conjurations   | 1 2 4 5 |  5.3
Translocations | 2 3 4 |  4.0
Poison Magic   | 3 4 5 |  5.0
Air Magic      | 1 2 3 |  3.2
Dodging        | 6 10 11 14 16 18 20 | 20.0
Invocations    | 2 3 5 6 8 10 | 10.0
Evocations     | 7 8 9 |  9.0
Stealth        | 3 4 |  4.0
Charms         | 4 6 7 |  7.1
Hexes          | 4 5 9 10 | 10.8
Necromancy     | 2 3 7 10 13 | 13.0
Fire Magic     | 2 |  2.1
Armour         | 7 10 | 10.0

Action                   |  1- 3 |  4- 6 |  7- 9 | 10-12 | 13-15 | 16-18 | 19-21 | 22-24 | 25-27 || total
-------------------------+-------+-------+-------+-------+-------+-------+-------+-------+-------++-------
Melee: Unarmed           |     1 |       |       |       |       |       |       |       |       ||     1
       Spear             |    70 |   198 |    52 |       |       |       |       |       |       ||   320
       Short sword       |     5 |       |       |       |       |       |       |       |       ||     5
       Trident           |       |       |   255 |   750 |  1583 |   925 |       |       |       ||  3513
       Headbutt          |       |       |       |    24 |   165 |    28 |       |       |       ||   217
       Tailslap          |       |       |       |       |     5 |    23 |     1 |     3 |     7 ||    39
       Demon trident     |       |       |       |       |       |   863 |  2095 |  1502 |   916 ||  5376
       Bardiche          |       |       |       |       |       |       |       |       |   320 ||   320
 Fire: Blowgun           |       |     5 |       |     5 |     1 |       |       |       |       ||    11
Throw: Stone             |       |       |     1 |       |       |       |       |       |       ||     1
 Cast: Magic Dart        |    39 |       |       |     2 |     3 |       |       |       |       ||    44
       Call Imp          |    14 |    49 |    74 |   209 |   188 |    40 |       |       |       ||   574
       Conjure Flame     |       |       |     4 |     8 |    28 |     8 |       |     1 |       ||    49
       Mephitic Cloud    |       |       |       |    19 |    88 |     6 |       |       |       ||   113
       Blink             |       |       |       |    31 |    54 |    22 |     4 |     2 |     3 ||   116
       Spectral Weapon   |       |       |       |       |    48 |    41 |     7 |     1 |     9 ||   106
       Shroud of Golubri |       |       |       |       |    12 |    23 |    12 |     3 |     5 ||    55
       Regeneration      |       |       |       |       |     8 |    47 |    52 |    38 |    39 ||   184
       Summon Lightning  |       |       |       |       |    11 |    78 |    10 |     5 |    15 ||   119
       Call Canine Famil |       |       |       |       |    10 |    22 |       |       |       ||    32
       Shadow Creatures  |       |       |       |       |       |    75 |   222 |   162 |    84 ||   543
       Song of Slaying   |       |       |       |       |       |     2 |       |       |     1 ||     3
       Summon Forest     |       |       |       |       |       |       |    20 |    39 |     7 ||    66
       Apportation       |       |       |       |       |       |       |    11 |     2 |       ||    13
       Recall            |       |       |       |       |       |       |     1 |    11 |     6 ||    18
       Death Channel     |       |       |       |       |       |       |       |    20 |    10 ||    30
       Animate Dead      |       |       |       |       |       |       |       |     6 |    18 ||    24
Invok: Ancestor Identity |       |       |     1 |       |       |       |       |       |       ||     1
       Recall Ancestor   |       |       |     4 |    30 |    41 |    29 |    19 |     9 |    10 ||   142
       Ancestor Life: He |       |       |     1 |       |       |       |       |       |       ||     1
       Idealise          |       |       |       |     1 |     2 |     6 |     5 |       |     4 ||    18
 Abil: Evoke Invisibilit |       |       |       |     2 |     8 |    17 |     3 |     2 |       ||    32
Evoke: Wand              |       |     4 |       |    15 |    17 |    31 |     8 |     3 |     9 ||    87
  Use: Scroll            |       |     5 |     5 |    10 |    20 |     8 |    15 |     8 |    21 ||    92
       Potion            |       |     2 |       |     9 |     2 |     8 |    12 |     3 |     8 ||    44
 Stab: Sleeping          |     3 |     6 |     3 |     2 |     4 |     6 |     8 |     5 |     3 ||    40
       Distracted        |       |     3 |     8 |    17 |    35 |    36 |    47 |    52 |    28 ||   226
       Confused          |       |     1 |       |    19 |    50 |    16 |    81 |    56 |    39 ||   262
       Paralysed         |       |     9 |       |       |    33 |    88 |    40 |    33 |    53 ||   256
       Invisible         |       |       |       |     3 |    15 |    58 |    18 |     4 |       ||    98
       Held in net/web   |       |       |       |       |       |       |       |     1 |       ||     1
  Eat: Chunk             |     3 |     9 |    12 |    18 |    42 |    51 |    82 |    56 |     8 ||   281
       Ration            |       |       |     1 |     5 |     5 |    14 |    11 |     6 |    13 ||    55
Armor: Robe              |    17 |    39 |    13 |       |       |       |       |       |       ||    69
       Skin              |       |     2 |       |     8 |       |       |       |       |       ||    10
       Leather armour    |       |       |    18 |    25 |       |       |       |       |       ||    43
       Troll leather arm |       |       |       |    65 |   149 |   134 |       |       |       ||   348
       Swamp dragon scal |       |       |       |       |       |    33 |   234 |   183 |       ||   450
       Quicksilver drago |       |       |       |       |       |       |       |     5 |   177 ||   182
Dodge: Dodged            |    53 |    66 |    86 |   273 |   550 |   947 |   954 |   601 |   524 ||  4054
       Deflected         |       |       |       |       |       |    74 |    82 |    57 |    18 ||   231
Block: Other             |       |       |       |    29 |   170 |   130 |       |       |    70 ||   399
       Reflection        |       |       |       |     3 |     5 |    22 |       |       |       ||    30

Table legend:
 A = Spawn XP
 B = Non-spawn XP
 C = Spawn XP percentage of total XP
 D = Spawn monster count
 E = Non-spawn monster count
 F = Spawn count percentage of total count
 G = Total turns spent on level
                    A         B        C        D         E        F      G
               +---------+---------+-------+---------+---------+-------+---------
         Total |   22716 | 1187824 |   1.9 |      69 |    2495 |   2.7 | 87968
               +---------+---------+-------+---------+---------+-------+---------
           D:1 |       0 |      24 |   0.0 |       0 |      14 |   0.0 |  1232
           D:2 |       0 |      71 |   0.0 |       0 |      21 |   0.0 |   864
           D:3 |       0 |     154 |   0.0 |       0 |      29 |   0.0 |   876
           D:4 |       0 |     100 |   0.0 |       0 |       6 |   0.0 |   659
           D:5 |       0 |     616 |   0.0 |       0 |      18 |   0.0 |  1325
           D:6 |       0 |     706 |   0.0 |       0 |      21 |   0.0 |   995
           D:7 |       0 |     948 |   0.0 |       0 |      19 |   0.0 |  1027
           D:8 |       0 |    1143 |   0.0 |       0 |      24 |   0.0 |   785
           D:9 |       0 |    3044 |   0.0 |       0 |      40 |   0.0 |  3183
          D:10 |       0 |    3269 |   0.0 |       0 |      24 |   0.0 |  1482
          D:11 |       0 |    8711 |   0.0 |       0 |      51 |   0.0 |  2253
          D:12 |       0 |   10373 |   0.0 |       0 |      37 |   0.0 |  2206
          D:13 |       0 |    9525 |   0.0 |       0 |      27 |   0.0 |  2405
          D:14 |       0 |    3056 |   0.0 |       0 |      19 |   0.0 |   926
          D:15 |       0 |   25579 |   0.0 |       0 |      51 |   0.0 |  2865
        Lair:1 |       0 |    3732 |   0.0 |       0 |      18 |   0.0 |  1157
        Lair:2 |       0 |    7695 |   0.0 |       0 |      25 |   0.0 |  2382
        Lair:3 |       0 |    3338 |   0.0 |       0 |      18 |   0.0 |  1151
        Lair:4 |       0 |    6671 |   0.0 |       0 |      29 |   0.0 |  1543
        Lair:5 |       0 |   13754 |   0.0 |       0 |      46 |   0.0 |  2967
        Lair:6 |       0 |   16935 |   0.0 |       0 |      87 |   0.0 |  2013
      Shoals:1 |       0 |    9889 |   0.0 |       0 |      24 |   0.0 |  1552
      Shoals:2 |       0 |   12873 |   0.0 |       0 |      34 |   0.0 |  1727
      Shoals:3 |       0 |   33792 |   0.0 |       0 |      65 |   0.0 |  3296
      Shoals:4 |       0 |   37661 |   0.0 |       0 |      83 |   0.0 |  2025
       Snake:1 |       0 |   13326 |   0.0 |       0 |      24 |   0.0 |  2102
       Snake:2 |       0 |   20060 |   0.0 |       0 |      51 |   0.0 |  1485
       Snake:3 |       0 |   16849 |   0.0 |       0 |      40 |   0.0 |  1627
       Snake:4 |       0 |   34374 |   0.0 |       0 |      67 |   0.0 |  2452
         Orc:1 |       0 |    9102 |   0.0 |       0 |      67 |   0.0 |  1885
         Orc:2 |       0 |    8423 |   0.0 |       0 |      70 |   0.0 |  1160
         Elf:1 |       0 |   25949 |   0.0 |       0 |      62 |   0.0 |  2091
         Elf:2 |       0 |   47983 |   0.0 |       0 |      76 |   0.0 |  2653
         Elf:3 |       0 |   36438 |   0.0 |       0 |      43 |   0.0 |  1660
      Vaults:1 |       0 |   45026 |   0.0 |       0 |      86 |   0.0 |  2292
      Vaults:2 |       0 |   69932 |   0.0 |       0 |     140 |   0.0 |  3311
      Vaults:3 |       0 |   31655 |   0.0 |       0 |      57 |   0.0 |  1404
      Vaults:4 |       0 |   41753 |   0.0 |       0 |      60 |   0.0 |  1910
      Vaults:5 |       0 |  118992 |   0.0 |       0 |     121 |   0.0 |  1750
       Crypt:1 |       0 |   32807 |   0.0 |       0 |      61 |   0.0 |  1407
       Crypt:2 |       0 |   24230 |   0.0 |       0 |      40 |   0.0 |  1017
       Crypt:3 |       0 |   67100 |   0.0 |       0 |     115 |   0.0 |  3153
      Depths:1 |       0 |   34321 |   0.0 |       0 |      99 |   0.0 |  1917
      Depths:2 |       0 |   59319 |   0.0 |       0 |      58 |   0.0 |  2088
      Depths:3 |       0 |   42948 |   0.0 |       0 |      95 |   0.0 |  1338
      Depths:4 |       0 |  121206 |   0.0 |       0 |     136 |   0.0 |  2624
      Depths:5 |       0 |   53764 |   0.0 |       0 |      57 |   0.0 |  1722
         Zot:1 |       0 |    2151 |   0.0 |       0 |       3 |   0.0 |    17
       Abyss:2 |   14130 |    9247 |  60.4 |      49 |      19 |  72.1 |   931
       Abyss:3 |    8586 |    5947 |  59.1 |      20 |      17 |  54.1 |   483
           Lab |       0 |    1263 |   0.0 |       0 |       1 |   0.0 |   418
               +---------+---------+-------+---------+---------+-------+---------
